 Dungeon Crawl Stone Soup version 0.16.1-18-g436b03c (webtiles) character file.

360818 drasked the Executioner (level 22, -11/147 HPs)
             Began as a Gargoyle Berserker on May 3, 2015.
             Was the Champion of Trog.
             Mangled by a titanic slime creature (54 damage)
             ... summoned by a boggart
             ... on level 2 of the Depths.
             The game lasted 01:01:28 (50661 turns).

drasked the Executioner (Gargoyle Berserker)       Turns: 50661, Time: 01:01:28

Health: -11/147    AC: 54    Str: 29    XL:     22   Next: 44%
Magic:  0/6        EV:  9    Int: 10    God:    Trog [******]
Gold:   3661       SH:  0    Dex:  9    Spells: 0 memorised, 21 levels left

rFire  + . .     SeeInvis +     b - +9 battleaxe (antimagic)
rCold  . . .     Clarity  .     J - +2 plate armour {rF+}
rNeg   + . .     SustAb   .     (no shield)
rPois  ∞         Gourm    .     B - +2 helmet
rElec  +         Spirit   +     k - +1 cloak
rCorr  .         Warding  .     w - +2 pair of gloves
rMut   .         Stasis   .     D - +2 pair of boots of the Assassin {Stlth++}
MR     +....                    r - amulet of guardian spirit
Stlth  ..........               p - +3 ring of protection
                                x - ring of see invisible

@: exhausted, flying, slowed, very slow, somewhat resistant to hostile
enchantments, extremely unstealthy
A: able to fly continuously, big wings, negative energy resistance 1,
electricity resistance, unbreathing, petrification resistance, rot immunity, AC
+16
a: Stop Flying, Burn Spellbooks, Berserk, Trog's Hand, Brothers in Arms,
Renounce Religion
}: 2/15 runes: barnacled, gossamer


You were on level 2 of the Depths.
You worshipped Trog.
Trog was exalted by your worship.
You were not hungry.

You visited 7 branches of the dungeon, and saw 42 of its levels.

You collected 3661 gold pieces.


Innate Abilities, Weirdness & Mutations

You are resistant to torment.
You are immune to poison.
You can fly continuously.
Your stone body is very resilient (AC +16).
Your wings are large and strong.
You resist negative energy.
You are resistant to electric shocks.
You can survive without breathing.
You are immune to petrification.
You are immune to rotting.


   Skills:
 - Level 18.0 Fighting
 - Level 26.0 Axes
 + Level 18.0 Armour
 - Level 1.5 Dodging


You had 21 spell levels left.
You didn't know any spells.

Inventory:

Hand weapons
 b - a +9 antimagic battleaxe (weapon)
Armour
 k - a +1 cloak (worn)
 w - a +2 pair of gloves (worn)
 B - a +2 helmet (worn)
 D - the +2 pair of boots of the Assassin (worn) {Stlth++}
   (You found it on level 8 of the Lair of Beasts)

   It makes you much more stealthy.
 F - a +0 plate armour of cold resistance
 J - a +2 plate armour of fire resistance (worn)
Jewellery
 l - an uncursed amulet of clarity
 p - a +3 ring of protection (right hand)
 r - an amulet of guardian spirit (around neck)
 x - a ring of see invisible (left hand)
 G - a +2 ring of evasion
 H - an uncursed ring of protection from cold
 Y - an uncursed ring of protection from cold
Magical devices
 a - a wand of heal wounds (5)
 y - a wand of hasting (3)
 A - a wand of teleportation (8)
Scrolls
 d - 19 scrolls of remove curse
 f - 6 scrolls of teleportation
 n - 4 scrolls of enchant weapon
 u - 25 scrolls of identify
 C - 2 scrolls of holy word
Potions
 h - 4 potions of curing
 i - 2 potions of resistance
 m - 2 potions of cure mutation
 o - 7 potions of haste
 q - 2 potions of heal wounds
 t - 5 potions of restore abilities
 z - a potion of cancellation
 E - a potion of might
Comestibles
 e - 5 meat rations
 I - 16 bread rations

Dungeon Overview and Level Annotations

Branches:
Dungeon (15/15)            Temple (0/1) D:7            Lair (8/8) D:11
 Shoals (5/5) Lair:3       Spider (5/5) Lair:3        Slime (0/6) Lair:7
    Orc (3/4) D:9          Vaults (4/5) D:13          Crypt (0/3) Vaults:2
 Depths (2/5) D:15
    Elf: Orc:3-4

Altars:
Dithmenos
Elyvilon
Fedhas
Kikubaaqudgha
Makhleb
Nemelex Xobeh
Okawaru
Qazlal
Ru
Vehumet
Xom
Zin
The Shining One
Beogh
Jiyva

Shops:
D:8 =   Orc:3 *   Shoals:3 !   Vaults:3 *(   Vaults:4 (

Portals:
Hell: Depths:1


Message History

Your ogre appears confused.
Your ogre completely misses you.
You slash the spectral ogre!
You destroy the spectral ogre!
You hit the titanic slime creature.
The titanic slime creature is moderately wounded.
The titanic slime creature hits you!
The yaktaur shoots a bolt of flame.
The bolt of flame hits you! The bolt of flame burns you.
The bolt of flame dissolves into shadows!
50661 ||| ZAPPING wand of heal wounds (6).
Evoke which item? (* to show all) (? for menu, Esc to quit)
Zapping:
a - a wand of heal wounds (6)
Press: ? - help, Shift-Dir - straight line, f - you You feel much better.
This wand has 5 charges left.
Your ogre rages.
Your ogre hits itself with a giant club!
Your ogre dies!
Your ogre's corpse disappears in a puff of smoke!
The titanic slime creature hits you!!!
You die...

~~~~~~~~~~##~~~.......
~~~~~~~~~~~~~~.........
..)~~~~~~~~~~~.......######
.....~~~~~~~~~.......#.....$
......~~~~~~~........#.....$$
.......~~~~~~....#####.......
..#######~~~~...{#.).#.......
..# #.~~~~)J##¤%[#.......+
### ###~~~.G@'..)).......#
#.gg~~~.##...#.......#
.'.Dg~~~..#...#.......
.#..c~~~..#####.......
###~~~.... .....$$ ~~~#.....
.....$ ~~.#..... ##### #... .


You could see an ice dragon, a titanic slime creature, a giant orange brain, a
yaktaur and 3 boggarts.

Vanquished Creatures
  Norris (Vaults:2)
  Mennas (Vaults:4)
  A lich (Vaults:1)
  Nikola (Depths:1)
  A tentacled monstrosity (Vaults:4)
  2 sphinxes
  Agnes (Depths:1)
  Kirke (Shoals:5)
  A storm dragon (shapeshifter) (Vaults:3)
  A storm dragon (Vaults:4)
  3 tengu reavers
  An ancient champion (Vaults:2)
  Roxanne (Spider:2)
  Ilsuiw (Shoals:5)
  2 fire giants
  4 ghost moths
  Donald (Vaults:1)
  Wiglaf (Spider:5)
  A frost giant (Vaults:3)
  10 vault wardens
  The ghost of drasked the Severer, a mighty GrBe of Trog (Shoals:1)
  6 emperor scorpions
  A deep elf sorcerer (Vaults:2)
  Jorgrun (Shoals:4)
  2 war gargoyles
  7 ironheart preservers
  6 stone giants
  A very ugly thing (Depths:1)
  2 dire elephants
  A deep elf annihilator (Vaults:2)
  The ghost of EmilioHeskey the Grappler, a powerful TrMo of Nemelex Xobeh (D:12)
  3 ettins
  6 merfolk javelineers
  A deep elf death mage (Vaults:2)
  6 fire dragons
  10 vault guards
  A great orb of eyes (Vaults:1)
  7 ogre magi
  A blizzard demon (Depths:1)
  10 merfolk impalers
  Josephine (D:11)
  9 yaktaur captains
  Harold (D:10)
  A spriggan air mage (Depths:2)
  7 ice dragons
  5 hydras
  The ghost of hemol the Basher, a powerful MiFi of Ru (D:10)
  A catoblepas (D:13)
  8 merfolk aquamancers
  Erica (D:10)
  4 merfolk avatars
  3 alligator snapping turtles
  4 tengu warriors
  13 centaur warriors
  A vampire mage (Vaults:2)
  4 satyrs
  A spriggan berserker (Depths:2)
  20 death yaks
  A soul eater (Depths:2)
  4 sun demons (Depths:1)
  11 skeletal warriors
  2 fire crabs (Vaults:3)
  5 shadow wraiths
  5 flayed ghosts
  4 ice devils (Depths:1)
  20 sea snakes
  2 unseen horrors
  4 deep elf knights
  2 deep trolls (Vaults:4)
  A giant orange brain (Vaults:4)
  11 ironbrand convokers
  A harpy (shapeshifter) (Vaults:2)
  2 deep elf summoners
  12 hill giants
  4 necromancers
  A tengu zombie (Vaults:1)
  An orc sorcerer (Vaults:4)
  13 orc knights
  2 wizards
  3 ugly thing zombies (D:15)
  A wolf spider zombie (Vaults:1)
  3 deep elf conjurers
  13 orb spiders
  29 harpies
  25 wolf spiders
  2 frost giant zombies
  13 griffons
  30 ugly things
  3 moths of wrath
  14 sirens
  13 manticores
  17 fauns
  2 phantasmal warriors (Depths:2)
  9 water nymphs
  11 cyclopes
  11 hornets
  6 black mambas
  29 elephants
  A spriggan zombie (D:15)
  12 vault sentinels
  A guardian serpent (shapeshifter) (Vaults:1)
  9 drowned souls
  22 spiny frogs
  A spiny frog (shapeshifter) (D:13)
  5 torpor snails
  An orange crystal statue (Depths:2)
  A guardian serpent (Lair:8)
  Psyche (D:11)
  2 kobold demonologists
  A hellion (Depths:1)
  40 yaktaurs
  10 komodo dragons
  An efreet (D:13)
  14 demonic crawlers
  2 anaconda simulacra (Depths:2)
  A tengu conjurer (D:14)
  9 fire drakes
  A jumping spider (shapeshifter) (Vaults:3)
  4 freezing wraiths
  A deep elf priest (Vaults:3)
  A spectral merfolk (Depths:2)
  A wandering mushroom (D:7)
  47 merfolk
  9 trolls
  23 jumping spiders
  16 slime creatures
  Prince Ribbit (D:6)
  A polar bear (Lair:8)
  12 boulder beetles
  An ettin zombie (Vaults:1)
  13 snapping turtles
  4 wind drakes
  A raven (shapeshifter) (D:13)
  12 two-headed ogres
  8 ravens
  55 redbacks
  15 blink frogs
  32 trapdoor spiders
  2 raiju (Depths:2)
  32 water elementals
  The ghost of Crag7 the Grave Robber, an average DENe (D:4)
  4 basilisks
  9 deep elf magi
  A vampire (Depths:2)
  10 wraiths
  A hog (Shoals:5)
  3 wyverns
  24 tarantellas
  4 shadows
  A chaos spawn (Vaults:3)
  59 yaks
  13 deep elf fighters
  A yak (shapeshifter) (Vaults:1)
  8 hippogriffs
  A golden eye (shapeshifter) (Vaults:1)
  9 wargs
  A steam dragon (D:12)
  An elf skeleton (Vaults:1)
  3 human zombies
  23 water moccasins
  14 wolves
  3 hungry ghosts
  Menkaure (D:7)
  A mottled dragon (D:11)
  40 vampire mosquitoes
  5 hell hounds (Depths:2)
  A spectral troll (Depths:2)
  10 porcupines
  A spectral spriggan (Depths:2)
  38 spiders
  5 ice beasts
  10 boggarts
  6 wasps
  6 sky beasts
  3 necrophages
  25 orc warriors
  A black bear (D:13)
  An eye of draining (D:12)
  A phantom (D:14)
  An eye of draining (shapeshifter) (Depths:2)
  20 centaurs
  8 crocodiles
  An orc skeleton (Vaults:1)
  A vampire mosquito zombie (Vaults:1)
  28 ogres
  Sigmund (D:6)
  3 big kobolds
  2 boring beetles
  19 giant frogs
  A wyvern zombie (D:10)
  A yaktaur skeleton (Vaults:1)
  A wyvern skeleton (D:13)
  A boulder beetle zombie (Vaults:1)
  9 scorpions
  A water moccasin skeleton (D:8)
  12 wights
  4 electric eels
  23 killer bees
  A spectral naga (Depths:2)
  2 spectral ogres (Depths:2)
  3 spectral centaurs (Depths:2)
  A tengu skeleton (D:15)
  9 centaur zombies
  2 giant frog zombies
  4 jellies
  4 goliath beetles
  2 two-headed ogre zombies (Vaults:1)
  14 crimson imps
  7 iguanas
  23 orc priests
  A quasit (D:9)
  2 hell rats (Vaults:2)
  9 hounds
  22 worker ants
  4 centaur skeletons
  A giant frog skeleton (D:13)
  32 orc wizards
  A spriggan simulacrum (Depths:2)
  Natasha (thrice) (D:6)
  A boulder beetle simulacrum (Vaults:1)
  21 sheep
  3 ogre zombies (Vaults:1)
  A hound skeleton (D:7)
  A mummy (D:10)
  60 river rats
  4 gnolls (D:3)
  25 adders
  4 shadow imps
  9 white imps
  2 worms
  3 adder skeletons
  An adder zombie (D:6)
  2 giant geckos
  3 oozes
  170 orcs
  A bat skeleton (D:6)
  2 bat zombies
  14 goblins
  22 hobgoblins
  24 jackals
  14 quokkas
  2 ball pythons
  17 bats
  5 giant cockroaches
  4 giant newts
  A giant spore (D:10)
  A jackal skeleton (D:5)
  30 kobolds
  2 orc zombies (D:15)
  14 rats
  8 ballistomycetes
  14 fungi
  20 plants
2101 creatures vanquished.

Vanquished Creatures (collateral kills)
  A shadow dragon (Depths:2)
  An ironheart preserver (Vaults:2)
  A stone giant (Vaults:1)
  2 hydras
  3 death yaks
  A spriggan berserker (Depths:2)
  A deep elf knight (Vaults:1)
  2 skeletal warriors (Depths:2)
  The ghost of Scuka the Basher, an experienced GrFi of Okawaru (D:6)
  An oklob plant (Lair:7)
  A spiny frog (Lair:5)
  A siren (Shoals:5)
  A vault sentinel (Vaults:2)
  A komodo dragon (Lair:8)
  6 yaktaurs
  A spectral merfolk (Depths:2)
  A demonic crawler (Spider:2)
  2 jumping spiders (Spider:2)
  A two-headed ogre (D:10)
  A shadow (Depths:2)
  A wraith (D:11)
  A redback (Spider:2)
  A spriggan (Depths:2)
  A wyvern (Lair:8)
  A spectral troll (Depths:2)
  A spider (Spider:2)
  A snapping turtle zombie (Depths:2)
  4 boggarts
  An ogre (Depths:2)
  4 crocodiles
  A scorpion (Spider:2)
  5 sheep (Lair:5)
  2 river rats (Lair:8)
  An orc (Vaults:2)
  A hobgoblin (D:10)
  A quokka (D:11)
  A plant (Lair:8)
58 creatures vanquished.

Vanquished Creatures (others)
  A stone giant (Depths:2)
  A deep elf knight (Vaults:2)
  2 hill giants
  A faun (Shoals:3)
  A siren (Shoals:3)
  12 drowned souls
  5 trolls
  2 humans (Shoals:5)
  An ogre (D:13)
  A crimson imp (Depths:1)
  2 hell rats
  A hobgoblin (D:7)
  2 giant spores (D:7)
  37 fungi
  19 plants
88 creatures vanquished.

Grand Total: 2247 creatures vanquished

Notes
Turn   | Place    | Note
--------------------------------------------------------------
     0 | D:1      | drasked, the Gargoyle Berserker, began the quest for the Orb.
     0 | D:1      | Reached XP level 1. HP: 14/14 MP: 1/1
     0 | D:1      | 0 ||| counter = 32
    28 | D:1      | Reached skill level 3 in Axes
    56 | D:1      | 56 ||| INVOKING Berserk.
   217 | D:1      | Reached XP level 2. HP: 19/19 MP: 2/2
   694 | D:1      | Acquired Trog's second power
   898 | D:1      | 898 ||| EATING 2 bread rations.
  1016 | D:1      | Reached XP level 3. HP: 23/23 MP: 3/3
  1123 | D:1      | 1123 ||| UPGRADING to plate armour.
  1133 | D:1      | 1133 ||| DROPPING +0 animal skin.
  1134 | D:1      | 1134 ||| UPGRADING to helmet.
  1139 | D:1      | 1139 ||| READING 2 scrolls labeled KOPANI RAGU.
  1140 | D:1      | 1140 ||| READING 2 scrolls labeled YGOC TUCLAY.
  1141 | D:1      | 1141 ||| READING 2 scrolls labeled SMUEMU DIFA.
  1142 | D:1      | 1142 ||| READING scroll labeled DASESTR EQAAS.
  1164 | D:2      | 1164 ||| INVOKING Berserk.
  1243 | D:2      | Reached skill level 4 in Axes
  1332 | D:2      | Reached XP level 4. HP: 25/28 MP: 4/4
  1913 | D:2      | Found a stormy altar of Qazlal.
  1916 | D:2      | Found a burning altar of Makhleb.
  1917 | D:2      | Found a shimmering altar of Xom.
  1920 | D:2      | 1920 ||| READING scroll labeled POBABLE BRESHE.
  1921 | D:2      | 1921 ||| READING scroll labeled QEROOH GUCO.
  1922 | D:2      | 1922 ||| DRINKING 3 green potions.
  1946 | D:3      | 1946 ||| STAIRDANCE
  1952 | D:3      | 1952 ||| STAIRDANCE
  2015 | D:3      | 2015 ||| INVOKING Berserk.
  2019 | D:3      | Reached skill level 5 in Axes
  2024 | D:3      | Reached XP level 5. HP: 32/32 MP: 5/5
  2065 | D:3      | 2065 ||| EATING slice of pizza.
  2229 | D:3      | Found a sparkling altar of Nemelex Xobeh.
  2537 | D:3      | Acquired Trog's third power
  2570 | D:3      | 2570 ||| INVOKING Berserk.
  2579 | D:3      | Reached skill level 6 in Axes
  2579 | D:3      | Reached XP level 6. HP: 37/37 MP: 6/6
  2646 | D:3      | 2646 ||| READING scroll labeled SHRYR GOT STON.
  2647 | D:3      | 2647 ||| READING scroll of identify.
  2647 | D:3      | 2647 ||| IDENTIFYING wand of heal wounds
  2677 | D:4      | 2677 ||| STAIRDANCE
  2782 | D:4      | 2782 ||| UPGRADING to war axe.
  2783 | D:4      | 2783 ||| DROPPING +1 hand axe.
  2852 | D:4      | Found a shadowy altar of Dithmenos.
  2956 | D:4      | Noticed Crag7's ghost (average DENe)
  2959 | D:4      | 2959 ||| INVOKING Berserk.
  2966 | D:4      | Killed Crag7's ghost
  2966 | D:4      | Reached skill level 7 in Axes
  2966 | D:4      | Reached XP level 7. HP: 41/41 MP: 7/7
  3017 | D:4      | 3017 ||| EATING bread ration.
  3034 | D:4      | 3034 ||| INVOKING Berserk.
  3227 | D:4      | Found an iron altar of Okawaru.
  3268 | D:4      | 3268 ||| INVOKING Berserk.
  3485 | D:4      | 3485 ||| UPGRADING to cloak.
  3490 | D:4      | 3490 ||| READING scroll labeled IPHOTY PNUETEQ.
  3491 | D:4      | 3491 ||| READING scroll labeled PUUPPIUTSE.
  3492 | D:4      | 3492 ||| READING scroll of identify.
  3492 | D:4      | 3492 ||| IDENTIFYING gilded ring
  3493 | D:4      | 3493 ||| DROPPING cursed ring of wizardry.
  3531 | D:5      | Entered Level 5 of the Dungeon
  4170 | D:5      | Reached skill level 8 in Axes
  4170 | D:5      | Reached XP level 8. HP: 24/48 MP: 8/8
  4381 | D:5      | Received a gift from Trog
  4424 | D:5      | Found an ancient bone altar of Kikubaaqudgha.
  4454 | D:5      | 4454 ||| UPGRADING to ivory ring.
  4455 | D:5      | 4455 ||| UPGRADING to twisted ruby ring.
  4456 | D:5      | 4456 ||| DRINKING 2 emerald potions.
  4507 | D:6      | Noticed Scuka's ghost (experienced GrFi)
  4507 | D:6      | 4507 ||| INVOKING Brothers in Arms.
  4510 | D:6      | 4510 ||| INVOKING Berserk.
  4512 | D:6      | Killed Scuka's ghost
  4512 | D:6      | Reached skill level 9 in Axes
  4540 | D:6      | 4540 ||| EATING 4 fruits.
  4622 | D:6      | Reached skill level 3 in Armour
  4636 | D:6      | Noticed Prince Ribbit
  4643 | D:6      | 4643 ||| INVOKING Berserk.
  4650 | D:6      | 4650 ||| READING 3 scrolls of teleportation.
  4654 | D:6      | 4654 ||| EATING 3 fruits.
  4672 | D:6      | 4672 ||| EATING 2 fruits.
  4736 | D:6      | Found a shimmering altar of Xom.
  4752 | D:6      | Noticed Natasha
  4756 | D:6      | Killed Natasha
  4916 | D:6      | 4916 ||| INVOKING Berserk.
  4926 | D:6      | Killed Prince Ribbit
  4928 | D:6      | 4928 ||| EATING fruit.
  4957 | D:6      | 4957 ||| EATING 2 bread rations.
  5031 | D:6      | Reached XP level 9. HP: 54/54 MP: 9/9
  5239 | D:6      | 5239 ||| INVOKING Berserk.
  5297 | D:6      | Noticed Natasha
  5298 | D:6      | 5298 ||| DRINKING 4 potions of curing.
  5298 | D:6      | 5298 ||| (to cure confusion)
  5304 | D:6      | Killed Natasha
  5336 | D:6      | Reached skill level 10 in Axes
  5386 | D:6      | Noticed Sigmund
  5388 | D:6      | 5388 ||| DRINKING 3 potions of curing.
  5388 | D:6      | 5388 ||| (to cure confusion)
  5391 | D:6      | 5391 ||| DRINKING 2 potions of curing.
  5391 | D:6      | 5391 ||| (to cure confusion)
  5392 | D:6      | 5392 ||| INVOKING Berserk.
  5397 | D:6      | Killed Sigmund
  5598 | D:6      | Noticed Natasha
  5599 | D:6      | 5599 ||| DRINKING potion of curing.
  5599 | D:6      | 5599 ||| (to cure confusion)
  5604 | D:6      | Killed Natasha
  5654 | D:6      | 5654 ||| INVOKING Berserk.
  5879 | D:6      | 5879 ||| UPGRADING to shiny garnet ring.
  5881 | D:6      | 5881 ||| UPGRADING to ring of see invisible.
  5883 | D:6      | 5883 ||| READING scroll labeled BROMAC EMAERION.
  5883 | D:6      | Identified a scroll of acquirement
  5884 | D:6      | 5884 ||| DRINKING 2 purple potions.
  5921 | D:7      | Noticed a hill giant
  5924 | D:7      | 5924 ||| INVOKING Berserk.
  5932 | D:7      | Killed a hill giant
  5985 | D:7      | 5985 ||| EATING beef jerky.
  5996 | D:7      | Noticed a wandering mushroom
  6011 | D:7      | Killed a wandering mushroom
  6141 | D:7      | Found a staircase to the Ecumenical Temple.
  6315 | D:7      | 6315 ||| INVOKING Berserk.
  6318 | D:7      | Reached skill level 11 in Axes
  6462 | D:7      | Found a sacrificial altar of Ru.
  6545 | D:7      | 6545 ||| INVOKING Berserk.
  6675 | D:7      | 6675 ||| EATING slice of pizza.
  6698 | D:7      | 6698 ||| INVOKING Berserk.
  6808 | D:7      | Noticed Menkaure
  6819 | D:7      | 6819 ||| READING 2 scrolls of teleportation.
  6820 | D:7      | Killed Menkaure
  6986 | D:7      | 6986 ||| EATING meat ration.
  7589 | D:7      | 7589 ||| UPGRADING to pair of gloves.
  7594 | D:7      | 7594 ||| READING scroll labeled OSEBRY MOUBRI.
  7595 | D:7      | 7595 ||| READING scroll labeled PHEC HATAEWE.
  7596 | D:7      | 7596 ||| READING scroll labeled AFABAPR SAAFE.
  7618 | D:8      | 7618 ||| STAIRDANCE
  7658 | D:8      | Reached skill level 6 in Fighting
  7658 | D:8      | Reached XP level 10. HP: 60/60 MP: 10/10
  7802 | D:8      | Received a gift from Trog
  7836 | D:8      | 7836 ||| UPGRADING to glowing battleaxe {god gift}.
  7837 | D:8      | 7837 ||| DROPPING +0 war axe.
  7934 | D:8      | Reached skill level 12 in Axes
  8085 | D:8      | Found Zaux's Jewellery Shop.
  8092 | D:8      | 8092 ||| Stepping ~*~*~tactically~*~*~ (water).
  8178 | D:8      | Found a blossoming altar of Fedhas.
  8179 | D:8      | Found an ancient bone altar of Kikubaaqudgha.
  8271 | D:8      | 8271 ||| UPGRADING to runed helmet.
  8281 | D:8      | 8281 ||| DROPPING +0 helmet.
  8282 | D:8      | 8282 ||| READING scroll labeled RODGHO KHIGEM.
  8283 | D:8      | 8283 ||| READING 3 scrolls of identify.
  8283 | D:8      | 8283 ||| IDENTIFYING blue potion
  8284 | D:8      | 8284 ||| READING 2 scrolls of identify.
  8284 | D:8      | 8284 ||| IDENTIFYING black potion
  8637 | D:9      | 8637 ||| INVOKING Berserk.
  8654 | D:9      | 8654 ||| EATING 8 slices of pizza.
  8698 | D:9      | Found a staircase to the Orcish Mines.
  8718 | D:9      | 8718 ||| INVOKING Berserk.
  8816 | D:9      | 8816 ||| INVOKING Berserk.
  8857 | D:9      | 8857 ||| EATING 7 slices of pizza.
  8877 | D:9      | Found a radiant altar of Vehumet.
  9010 | D:9      | 9010 ||| INVOKING Berserk.
  9040 | D:9      | 9040 ||| EATING 6 slices of pizza.
  9049 | D:9      | Found a white marble altar of Elyvilon.
  9050 | D:9      | Found a glowing golden altar of the Shining One.
  9051 | D:9      | Found a glowing silver altar of Zin.
  9122 | D:9      | Reached skill level 13 in Axes
  9449 | D:9      | 9449 ||| EATING 5 slices of pizza.
  9468 | D:9      | 9468 ||| READING 3 scrolls of identify.
  9468 | D:9      | 9468 ||| IDENTIFYING amethyst potion
  9469 | D:9      | 9469 ||| READING 2 scrolls of identify.
  9469 | D:9      | 9469 ||| IDENTIFYING glowing white potion
  9553 | D:10     | Entered Level 10 of the Dungeon
  9605 | D:10     | Noticed hemol's ghost (powerful MiFi)
  9605 | D:10     | 9605 ||| INVOKING Brothers in Arms.
  9608 | D:10     | 9608 ||| INVOKING Berserk.
  9614 | D:10     | Killed hemol's ghost
  9675 | D:10     | Noticed Erica
  9678 | D:10     | 9678 ||| INVOKING Berserk.
  9680 | D:10     | Killed Erica
  9680 | D:10     | Received a gift from Trog
  9680 | D:10     | Reached XP level 11. HP: 67/67 MP: 11/11
  9722 | D:10     | 9722 ||| UPGRADING to glowing executioner's axe {god gift}.
  9723 | D:10     | 9723 ||| DROPPING +3 battleaxe of chopping.
  9889 | D:10     | 9889 ||| READING 8 scrolls of remove curse.
  9902 | D:10     | Noticed a hill giant
  9904 | D:10     | 9904 ||| INVOKING Berserk.
  9906 | D:10     | Killed a hill giant
  9927 | D:10     | Noticed a hill giant
  9929 | D:10     | 9929 ||| READING scroll of teleportation.
  9948 | D:10     | 9948 ||| EATING 4 slices of pizza.
 10030 | D:10     | Reached skill level 14 in Axes
 10050 | D:10     | 10050 ||| READING 3 scrolls of enchant weapon.
 10050 | D:10     | 10050 ||| ENCHANTING +4 executioner's axe of flaming.
 10051 | D:10     | 10051 ||| READING 2 scrolls of enchant weapon.
 10051 | D:10     | 10051 ||| ENCHANTING +5 executioner's axe of flaming.
 10052 | D:10     | 10052 ||| READING scroll of enchant weapon.
 10052 | D:10     | 10052 ||| ENCHANTING +6 executioner's axe of flaming.
 10058 | D:10     | 10058 ||| INVOKING Berserk.
 10099 | D:10     | 10099 ||| EATING 3 slices of pizza.
 10113 | D:10     | 10113 ||| INVOKING Berserk.
 10193 | D:10     | Noticed a centaur warrior
 10194 | D:10     | Noticed an ogre mage
 10194 | D:10     | 10194 ||| INVOKING Trog's Hand.
 10201 | D:10     | 10201 ||| INVOKING Berserk.
 10205 | D:10     | Killed an ogre mage
 10210 | D:10     | Killed a centaur warrior
 10231 | D:10     | 10231 ||| INVOKING Brothers in Arms.
 10233 | D:10     | 10233 ||| INVOKING Brothers in Arms.
 10236 | D:10     | HP: 11/67 [hill giant/giant club (23)]
 10237 | D:10     | 10237 ||| ZAPPING wand of heal wounds (5).
 10239 | D:10     | Killed a hill giant
 10264 | D:10     | 10264 ||| INVOKING Berserk.
 10348 | D:10     | Noticed a tengu warrior
 10353 | D:10     | Killed a tengu warrior
 10466 | D:10     | Noticed Harold
 10470 | D:10     | 10470 ||| INVOKING Berserk.
 10471 | D:10     | Reached skill level 15 in Axes
 10475 | D:10     | Killed Harold
 10482 | D:10     | 10482 ||| EATING 2 slices of pizza.
 10544 | D:10     | Noticed a hill giant
 10548 | D:10     | 10548 ||| INVOKING Berserk.
 10551 | D:10     | Killed a hill giant
 10551 | D:10     | Reached XP level 12. HP: 73/73 MP: 12/12
 10589 | D:10     | 10589 ||| EATING slice of pizza.
 10877 | D:10     | 10877 ||| DRINKING 2 viscous blue potions.
 10878 | D:10     | 10878 ||| DRINKING 2 bubbling brown potions.
 10879 | D:10     | 10879 ||| READING 3 scrolls of identify.
 10879 | D:10     | 10879 ||| IDENTIFYING brown potion
 10904 | D:11     | 10904 ||| EATING beef jerky.
 10976 | D:11     | Noticed Josephine
 10979 | D:11     | 10979 ||| INVOKING Berserk.
 10984 | D:11     | 10984 ||| DRINKING potion of curing.
 10984 | D:11     | 10984 ||| (to cure confusion)
 10986 | D:11     | 10986 ||| INVOKING Brothers in Arms.
 10988 | D:11     | HP: 11/73 [Josephine/ghostly fireball (14)]
 10989 | D:11     | 10989 ||| ZAPPING wand of heal wounds (4).
 10990 | D:11     | Killed Josephine
 11158 | D:11     | 11158 ||| EATING 2 meat rations.
 11161 | D:11     | 11161 ||| READING scroll of recharging.
 11161 | D:11     | 11161 ||| RECHARGING wand of heal wounds (3).
 11205 | D:11     | Found a staircase to the Lair.
 11530 | D:11     | Noticed Psyche
 11539 | D:11     | Killed Psyche
 11580 | D:11     | Reached skill level 16 in Axes
 12082 | D:11     | 12082 ||| UPGRADING to shiny plate armour.
 12092 | D:11     | 12092 ||| DROPPING +0 plate armour.
 12188 | Lair:1   | Entered Level 1 of the Lair of Beasts
 12189 | Lair:1   | 12189 ||| Entered L.
 12189 | Lair:1   | 12189 ||| STAIRDANCE
 12266 | Lair:1   | 12266 ||| READING scroll of enchant weapon.
 12266 | Lair:1   | 12266 ||| ENCHANTING +7 executioner's axe of flaming.
 12429 | Lair:1   | Received a gift from Trog
 12437 | Lair:1   | Noticed a seven-headed hydra
 12438 | Lair:1   | 12438 ||| INVOKING Brothers in Arms.
 12439 | Lair:1   | 12439 ||| INVOKING Berserk.
 12442 | Lair:1   | Killed a five-headed hydra
 12913 | Lair:2   | Reached skill level 17 in Axes
 12913 | Lair:2   | Reached XP level 13. HP: 70/79 MP: 13/13
 13138 | Lair:2   | Found a labyrinth entrance.
 14001 | Lair:2   | 14001 ||| EATING 2 beef jerkies.
 14028 | Lair:2   | 14028 ||| UPGRADING to pair of boots.
 14033 | Lair:2   | 14033 ||| UPGRADING to ring of protection.
 14035 | Lair:2   | 14035 ||| READING 11 scrolls of remove curse.
 14036 | Lair:2   | 14036 ||| REMOVING -4 ring of protection.
 14037 | Lair:2   | 14037 ||| DROPPING -4 ring of protection.
 14038 | Lair:2   | 14038 ||| UPGRADING to cursed +5 ring of strength.
 14039 | Lair:2   | 14039 ||| READING 10 scrolls of remove curse.
 14040 | Lair:2   | 14040 ||| UPGRADING to ring of see invisible.
 14042 | Lair:2   | 14042 ||| READING scroll labeled ASIZUO DORUOZ.
 14069 | Lair:3   | Found a hole to the Spider Nest.
 14458 | Lair:3   | 14458 ||| Stepping ~*~*~tactically~*~*~ (water).
 14509 | Lair:3   | 14509 ||| Stepping ~*~*~tactically~*~*~ (water).
 14511 | Lair:3   | Reached skill level 6 in Armour
 14547 | Lair:3   | Reached skill level 9 in Fighting
 14801 | Lair:3   | Found a staircase to the Shoals.
 15032 | Lair:4   | 15032 ||| STAIRDANCE
 15035 | Lair:3   | Received a gift from Trog
 15037 | Lair:3   | 15037 ||| UPGRADING to glowing battleaxe {god gift}.
 15038 | Lair:3   | 15038 ||| UPGRADING to +8 executioner's axe of flaming.
 15039 | Lair:3   | 15039 ||| DROPPING +2 battleaxe of freezing.
 15045 | Lair:4   | 15045 ||| READING scroll of enchant armour.
 15045 | Lair:4   | 15045 ||| ENCHANTING +0 pair of gloves.
 15072 | Lair:4   | Reached skill level 18 in Axes
 15166 | Lair:4   | 15166 ||| INVOKING Brothers in Arms.
 15169 | Lair:4   | 15169 ||| INVOKING Berserk.
 15194 | Lair:4   | 15194 ||| EATING beef jerky.
 15603 | Lair:4   | 15603 ||| READING scroll of enchant armour.
 15603 | Lair:4   | 15603 ||| ENCHANTING +1 pair of gloves.
 15989 | Lair:4   | 15989 ||| UPGRADING to thin silver amulet.
 15990 | Lair:4   | 15990 ||| REMOVING amulet of the gourmand.
 15991 | Lair:4   | 15991 ||| DROPPING amulet of the gourmand.
 15992 | Lair:4   | 15992 ||| UPGRADING to garnet ring.
 15994 | Lair:4   | 15994 ||| REMOVING ring of flight.
 15995 | Lair:4   | 15995 ||| UPGRADING to +5 ring of strength.
 15996 | Lair:4   | 15996 ||| DROPPING ring of flight.
 15997 | Lair:4   | 15997 ||| UPGRADING to ring of see invisible.
 15999 | Lair:4   | 15999 ||| READING scroll labeled RUOCRI THERU.
 16000 | Lair:4   | 16000 ||| READING 9 scrolls of identify.
 16000 | Lair:4   | 16000 ||| IDENTIFYING ruby potion
 16040 | Lair:5   | 16040 ||| STAIRDANCE
 16134 | Lair:5   | 16134 ||| INVOKING Brothers in Arms.
 16138 | Lair:5   | 16138 ||| INVOKING Berserk.
 16141 | Lair:5   | Gained mutation: Your wings are large and strong. [gargoyle growth]
 16141 | Lair:5   | Reached XP level 14. HP: 86/86 MP: 14/14
 16195 | Lair:5   | 16195 ||| INVOKING Fly.
 16195 | Lair:5   | 16195 ||| FLYING.
 16355 | Lair:5   | 16355 ||| INVOKING Berserk.
 16422 | Lair:5   | 16422 ||| EATING 17 fruits.
 16597 | Lair:5   | 16597 ||| READING scroll of enchant weapon.
 16597 | Lair:5   | 16597 ||| ENCHANTING +8 executioner's axe of flaming.
 16608 | Lair:5   | Reached skill level 19 in Axes
 16660 | Lair:5   | 16660 ||| INVOKING Brothers in Arms.
 16662 | Lair:5   | 16662 ||| INVOKING Berserk.
 16669 | Lair:5   | 16669 ||| EATING 16 fruits.
 16981 | Lair:5   | Received a gift from Trog
 17220 | Lair:5   | 17220 ||| UPGRADING to glowing marble ring.
 17222 | Lair:5   | 17222 ||| UPGRADING to +5 ring of strength.
 17224 | Lair:5   | 17224 ||| UPGRADING to ring of see invisible.
 17226 | Lair:5   | 17226 ||| DROPPING ring of positive energy.
 17227 | Lair:5   | 17227 ||| READING 8 scrolls of identify.
 17227 | Lair:5   | 17227 ||| IDENTIFYING cyan potion
 17268 | Lair:6   | 17268 ||| STAIRDANCE
 17281 | Lair:6   | 17281 ||| STAIRDANCE
 17292 | Lair:6   | 17292 ||| STAIRDANCE
 17300 | Lair:6   | 17300 ||| STAIRDANCE
 17414 | Lair:6   | Received a gift from Trog
 17613 | Lair:6   | 17613 ||| INVOKING Brothers in Arms.
 17616 | Lair:6   | 17616 ||| INVOKING Berserk.
 17666 | Lair:6   | 17666 ||| EATING 15 fruits.
 17726 | Lair:6   | Got a faintly glowing cloak
 18041 | Lair:6   | 18041 ||| UPGRADING to faintly glowing cloak.
 18051 | Lair:6   | Identified the +1 cloak of the Yeti {Int+2 Dex+3} (You found it on level 6 of the Lair of Beasts)
 18051 | Lair:6   | 18051 ||| DROPPING +0 cloak.
 18052 | Lair:6   | 18052 ||| UPGRADING to scratched emerald ring.
 18054 | Lair:6   | 18054 ||| UPGRADING to ring of see invisible.
 18076 | Lair:7   | 18076 ||| STAIRDANCE
 18088 | Lair:7   | 18088 ||| STAIRDANCE
 18138 | Lair:7   | 18138 ||| INVOKING Berserk.
 18227 | Lair:7   | Found a staircase to the Slime Pits.
 18228 | Lair:7   | Found a viscous altar of Jiyva.
 18399 | Lair:7   | 18399 ||| INVOKING Brothers in Arms.
 18400 | Lair:7   | 18400 ||| INVOKING Berserk.
 18603 | Lair:7   | Found a burning altar of Makhleb.
 18608 | Lair:7   | 18608 ||| INVOKING Brothers in Arms.
 18994 | Lair:7   | 18994 ||| EATING 14 fruits.
 19043 | Lair:7   | 19043 ||| INVOKING Brothers in Arms.
 19054 | Lair:7   | 19054 ||| INVOKING Berserk.
 19068 | Lair:7   | 19068 ||| EATING 13 fruits.
 19130 | Lair:8   | Entered Level 8 of the Lair of Beasts
 19163 | Lair:8   | 19163 ||| EATING 12 fruits.
 19249 | Lair:8   | 19249 ||| INVOKING Brothers in Arms.
 19256 | Lair:8   | 19256 ||| INVOKING Berserk.
 19258 | Lair:8   | HP: 24/132 [squashed by a boulder beetle (40)]
 19261 | Lair:8   | Received a gift from Trog
 19271 | Lair:8   | Reached skill level 20 in Axes
 19279 | Lair:8   | HP: 9/132 [elephant (8)]
 19287 | Lair:8   | 19287 ||| EATING 11 fruits.
 19495 | Lair:8   | 19495 ||| EATING 10 fruits.
 19768 | Lair:8   | 19768 ||| INVOKING Brothers in Arms.
 19771 | Lair:8   | 19771 ||| INVOKING Berserk.
 19776 | Lair:8   | Reached XP level 15. HP: 92/92 MP: 15/15
 19783 | Lair:8   | 19783 ||| EATING 9 fruits.
 19919 | Lair:8   | 19919 ||| INVOKING Berserk.
 20572 | Lair:8   | 20572 ||| INVOKING Berserk.
 20579 | Lair:8   | 20579 ||| EATING 8 fruits.
 20597 | Lair:8   | 20597 ||| INVOKING Brothers in Arms.
 20759 | Lair:8   | 20759 ||| EATING 7 fruits.
 20860 | Lair:8   | 20860 ||| EATING 6 fruits.
 21013 | Lair:8   | 21013 ||| UPGRADING to shiny helmet.
 21023 | Lair:8   | 21023 ||| DROPPING +2 helmet.
 21024 | Lair:8   | 21024 ||| UPGRADING to +2 pair of boots of the Assassin {Stlth++}.
 21034 | Lair:8   | 21034 ||| DROPPING +0 pair of boots.
 21035 | Lair:8   | 21035 ||| UPGRADING to large golden amulet.
 21036 | Lair:8   | 21036 ||| REMOVING amulet of stasis.
 21037 | Lair:8   | 21037 ||| DROPPING amulet of stasis.
 21038 | Lair:8   | 21038 ||| READING scroll labeled KAELABLAUNT.
 21426 | Orc:1    | Entered Level 1 of the Orcish Mines
 21427 | Orc:1    | 21427 ||| Entered O.
 21427 | Orc:1    | 21427 ||| STAIRDANCE
 21432 | Orc:1    | 21432 ||| STAIRDANCE
 21435 | D:9      | Received a gift from Trog
 21438 | Orc:1    | 21438 ||| STAIRDANCE
 21443 | Orc:1    | 21443 ||| STAIRDANCE
 21459 | D:9      | 21459 ||| EATING 5 fruits.
 21462 | Orc:1    | 21462 ||| STAIRDANCE
 21469 | Orc:1    | 21469 ||| STAIRDANCE
 21475 | Orc:1    | 21475 ||| STAIRDANCE
 21558 | Orc:1    | Found a roughly hewn altar of Beogh.
 21798 | Orc:2    | Received a gift from Trog
 22054 | Orc:3    | Found Saixadghu's General Store.
 22153 | Orc:3    | 22153 ||| INVOKING Berserk.
 22181 | Orc:3    | 22181 ||| EATING 4 fruits.
 22720 | Orc:3    | Received a gift from Trog
 22722 | Orc:3    | 22722 ||| UPGRADING to runed battleaxe {god gift}.
 22723 | Orc:3    | 22723 ||| UPGRADING to +9 executioner's axe of flaming.
 22724 | Orc:3    | 22724 ||| DROPPING +1 battleaxe of freezing.
 23012 | D:11     | 23012 ||| STAIRDANCE
 23020 | D:11     | 23020 ||| STAIRDANCE
 23568 | D:12     | 23568 ||| EATING 3 fruits.
 23640 | D:12     | Noticed EmilioHeskey's ghost (powerful TrMo)
 23640 | D:12     | 23640 ||| INVOKING Brothers in Arms.
 23643 | D:12     | 23643 ||| INVOKING Berserk.
 23652 | D:12     | Killed EmilioHeskey's ghost
 23652 | D:12     | Reached skill level 21 in Axes
 24055 | D:12     | 24055 ||| READING scroll labeled MNIAFO SUMESS.
 24453 | D:13     | 24453 ||| EATING 3 fruits.
 24555 | D:13     | Received a gift from Trog
 24557 | D:13     | 24557 ||| UPGRADING to runed battleaxe {god gift}.
 24558 | D:13     | 24558 ||| UPGRADING to +9 executioner's axe of flaming.
 24559 | D:13     | 24559 ||| DROPPING +1 battleaxe of electrocution.
 25000 | D:13     | 25000 ||| INVOKING Brothers in Arms.
 25004 | D:13     | 25004 ||| INVOKING Brothers in Arms.
 25005 | D:13     | 25005 ||| INVOKING Berserk.
 25086 | D:13     | 25086 ||| INVOKING Brothers in Arms.
 25087 | D:13     | 25087 ||| INVOKING Berserk.
 25140 | D:13     | Found a gate to the Vaults.
 25210 | D:13     | 25210 ||| INVOKING Berserk.
 25409 | D:13     | 25409 ||| UPGRADING to glowing cloak.
 25419 | D:13     | 25419 ||| DROPPING +1 cloak of the Yeti {Int+2 Dex+3}.
 25666 | D:14     | Received a gift from Trog
 25668 | D:14     | 25668 ||| UPGRADING to runed battleaxe {god gift}.
 25669 | D:14     | 25669 ||| UPGRADING to +9 executioner's axe of flaming.
 25670 | D:14     | 25670 ||| DROPPING +1 battleaxe of holy wrath.
 25747 | D:14     | Reached XP level 16. HP: 79/99 MP: 16/16
 25921 | D:14     | 25921 ||| INVOKING Berserk.
 25936 | D:14     | 25936 ||| READING 3 scrolls of teleportation.
 25939 | D:14     | 25939 ||| EATING 2 fruits.
 26007 | D:14     | 26007 ||| INVOKING Berserk.
 26021 | D:14     | 26021 ||| EATING fruit.
 26282 | D:14     | 26282 ||| EATING 2 beef jerkies.
 26507 | D:14     | Received a gift from Trog
 26576 | D:14     | 26576 ||| UPGRADING to runed chain mail.
 26586 | D:14     | 26586 ||| UPGRADING to +2 plate armour of poison resistance.
 26596 | D:14     | 26596 ||| DROPPING +1 chain mail of positive energy.
 26597 | D:14     | 26597 ||| READING scroll labeled CHEUR MNYABU.
 26613 | D:15     | Entered Level 15 of the Dungeon
 26614 | D:15     | 26614 ||| INVOKING Berserk.
 26630 | D:15     | 26630 ||| READING 3 scrolls of teleportation.
 26633 | D:15     | 26633 ||| EATING beef jerky.
 26710 | D:15     | Reached skill level 22 in Axes
 26843 | D:15     | 26843 ||| INVOKING Berserk.
 26855 | D:15     | 26855 ||| EATING slice of pizza.
 27125 | D:15     | 27125 ||| INVOKING Berserk.
 27141 | D:15     | Found a staircase to the Depths.
 27150 | D:15     | 27150 ||| READING 2 scrolls of teleportation.
 27195 | D:15     | 27195 ||| EATING 7 meat rations.
 27252 | D:15     | 27252 ||| INVOKING Berserk.
 27561 | D:15     | 27561 ||| UPGRADING to ring of protection from cold.
 27563 | D:15     | 27563 ||| UPGRADING to ring of see invisible.
 28070 | Shoals:1 | Entered Level 1 of the Shoals
 28071 | Shoals:1 | 28071 ||| Entered A.
 28150 | Shoals:1 | Received a gift from Trog
 28177 | Shoals:1 | Found a flickering gateway to a bazaar.
 28382 | Shoals:1 | Noticed drasked's ghost (mighty GrBe)
 28382 | Shoals:1 | 28382 ||| INVOKING Brothers in Arms.
 28385 | Shoals:1 | 28385 ||| INVOKING Berserk.
 28389 | Shoals:1 | Killed drasked's ghost
 28499 | Shoals:1 | 28499 ||| EATING 7 meat rations.
 29157 | Shoals:2 | Reached XP level 17. HP: 65/104 MP: 17/17
 29684 | Shoals:2 | Reached skill level 23 in Axes
 29762 | Shoals:2 | Received a gift from Trog
 30169 | Shoals:3 | 30169 ||| INVOKING Berserk.
 30184 | Shoals:3 | 30184 ||| EATING 6 meat rations.
 30232 | Shoals:3 | 30232 ||| INVOKING Berserk.
 30385 | Shoals:3 | Got a faintly glowing marble ring
 30530 | Shoals:3 | 30530 ||| INVOKING Trog's Hand.
 30612 | Shoals:3 | 30612 ||| INVOKING Trog's Hand.
 30699 | Shoals:3 | Found Mawomearr's Distillery.
 31111 | Shoals:3 | 31111 ||| EATING 5 meat rations.
 31166 | Shoals:3 | 31166 ||| UPGRADING to faintly glowing marble ring.
 31167 | Shoals:3 | Identified the ring of Birdsong {+Inv rPois Stlth+} (You found it on level 3 of the Shoals)
 31168 | Shoals:3 | 31168 ||| REMOVING ring of Birdsong {+Inv rPois Stlth+}.
 31169 | Shoals:3 | 31169 ||| UPGRADING to ring of protection from cold.
 31170 | Shoals:3 | 31170 ||| DROPPING ring of Birdsong {+Inv rPois Stlth+}.
 31171 | Shoals:3 | 31171 ||| UPGRADING to ring of see invisible.
 31173 | Shoals:3 | 31173 ||| READING 21 scrolls of identify.
 31173 | Shoals:3 | 31173 ||| IDENTIFYING lumpy white potion
 31413 | Shoals:4 | Received a gift from Trog
 31585 | Shoals:4 | Noticed Jorgrun
 31592 | Shoals:4 | 31592 ||| INVOKING Berserk.
 31595 | Shoals:4 | Killed Jorgrun
 31844 | Shoals:4 | Reached skill level 12 in Fighting
 31962 | Shoals:4 | 31962 ||| INVOKING Berserk.
 32284 | Shoals:4 | Reached skill level 24 in Axes
 32652 | Shoals:5 | Entered Level 5 of the Shoals
 32652 | Shoals:5 | Noticed Ilsuiw
 32662 | Shoals:5 | Reached XP level 18. HP: 85/112 MP: 18/18
 32663 | Shoals:5 | 32663 ||| INVOKING Brothers in Arms.
 32669 | Shoals:5 | 32669 ||| INVOKING Brothers in Arms.
 32670 | Shoals:5 | 32670 ||| INVOKING Brothers in Arms.
 32671 | Shoals:5 | 32671 ||| INVOKING Brothers in Arms.
 32672 | Shoals:5 | 32672 ||| INVOKING Brothers in Arms.
 32673 | Shoals:5 | 32673 ||| INVOKING Brothers in Arms.
 32674 | Shoals:5 | 32674 ||| READING 4 scrolls of teleportation.
 33086 | Shoals:5 | 33086 ||| INVOKING Trog's Hand.
 33099 | Shoals:5 | 33099 ||| INVOKING Trog's Hand.
 33138 | Shoals:5 | HP: 26/112 [Ilsuiw/shard of ice (37)]
 33139 | Shoals:5 | 33139 ||| ZAPPING wand of heal wounds (9).
 33140 | Shoals:5 | 33140 ||| INVOKING Berserk.
 33151 | Shoals:5 | Killed Ilsuiw
 33168 | Shoals:5 | 33168 ||| READING 3 scrolls of teleportation.
 33422 | Shoals:5 | Noticed Kirke
 33422 | Shoals:5 | 33422 ||| INVOKING Trog's Hand.
 33423 | Shoals:5 | 33423 ||| INVOKING Berserk.
 33444 | Shoals:5 | Killed Kirke
 33661 | Shoals:5 | Got a pair of scorched boots
 34047 | Shoals:5 | Received a gift from Trog
 34067 | Shoals:5 | Got a spiked cloak
 34606 | Shoals:5 | 34606 ||| INVOKING Trog's Hand.
 34631 | Shoals:5 | Received a gift from Trog
 34635 | Shoals:5 | 34635 ||| EATING 5 meat rations.
 34662 | Shoals:5 | Got a barnacled rune of Zot
 34759 | Shoals:5 | 34759 ||| UPGRADING to pair of scorched boots.
 34769 | Shoals:5 | Identified the cursed -1 pair of boots of Jigsaw {rPois MR- Dex+5} (You found it on level 5 of the Shoals)
 34769 | Shoals:5 | 34769 ||| UPGRADING to spiked cloak.
 34779 | Shoals:5 | Identified the cursed -4 cloak of Graariag {Dex+9 Stlth-} (You found it on level 5 of the Shoals)
 34779 | Shoals:5 | 34779 ||| READING 15 scrolls of remove curse.
 34780 | Shoals:5 | 34780 ||| UPGRADING to +1 cloak.
 34790 | Shoals:5 | 34790 ||| UPGRADING to +2 pair of boots of the Assassin {Stlth++}.
 34800 | Shoals:5 | 34800 ||| DROPPING -1 pair of boots of Jigsaw {rPois MR- Dex+5}.
 34801 | Shoals:5 | 34801 ||| DROPPING -4 cloak of Graariag {Dex+9 Stlth-}.
 34802 | Shoals:5 | 34802 ||| READING 20 scrolls of identify.
 34802 | Shoals:5 | 34802 ||| IDENTIFYING wand of teleportation
 35394 | Vaults:1 | Entered Level 1 of the Vaults
 35395 | Vaults:1 | 35395 ||| Entered V.
 35561 | Vaults:1 | 35561 ||| INVOKING Brothers in Arms.
 35562 | Vaults:1 | 35562 ||| INVOKING Berserk.
 35662 | Vaults:1 | Noticed a lich
 35662 | Vaults:1 | 35662 ||| INVOKING Trog's Hand.
 35663 | Vaults:1 | 35663 ||| INVOKING Brothers in Arms.
 35664 | Vaults:1 | 35664 ||| INVOKING Berserk.
 35668 | Vaults:1 | Killed a lich
 35674 | Vaults:1 | 35674 ||| EATING 4 meat rations.
 35824 | Vaults:1 | 35824 ||| INVOKING Trog's Hand.
 35832 | Vaults:1 | Reached skill level 25 in Axes
 35896 | Vaults:1 | 35896 ||| INVOKING Trog's Hand.
 35929 | Vaults:1 | Received a gift from Trog
 35957 | Vaults:1 | 35957 ||| INVOKING Trog's Hand.
 36178 | Vaults:1 | 36178 ||| INVOKING Trog's Hand.
 36190 | Vaults:1 | Reached XP level 19. HP: 105/118 MP: 18/18
 36201 | Vaults:1 | Noticed Donald
 36218 | Vaults:1 | Killed Donald
 36635 | Vaults:1 | 36635 ||| EATING 3 meat rations.
 36640 | Vaults:1 | 36640 ||| UPGRADING to runed chain mail.
 36646 | Vaults:1 | 36646 ||| UPGRADING to +2 plate armour of poison resistance.
 36651 | Vaults:1 | 36651 ||| UPGRADING to runed chain mail.
 36661 | Vaults:1 | 36661 ||| UPGRADING to +2 plate armour of poison resistance.
 36671 | Vaults:1 | 36671 ||| DROPPING +2 chain mail of magic resistance.
 36674 | Vaults:1 | 36674 ||| READING scroll labeled LET KLILAHUUS.
 36675 | Vaults:1 | 36675 ||| READING 19 scrolls of identify.
 36675 | Vaults:1 | 36675 ||| IDENTIFYING wand of hasting
 36676 | Vaults:1 | 36676 ||| READING 18 scrolls of identify.
 36676 | Vaults:1 | 36676 ||| IDENTIFYING dark potion
 36677 | Vaults:1 | 36677 ||| READING 17 scrolls of identify.
 36677 | Vaults:1 | 36677 ||| IDENTIFYING murky silvery potion
 36731 | Vaults:2 | Noticed Norris
 36732 | Vaults:2 | 36732 ||| INVOKING Trog's Hand.
 36733 | Vaults:2 | 36733 ||| INVOKING Brothers in Arms.
 36735 | Vaults:2 | 36735 ||| INVOKING Berserk.
 36740 | Vaults:2 | Killed Norris
 36940 | Vaults:2 | 36940 ||| INVOKING Berserk.
 37037 | Vaults:2 | 37037 ||| INVOKING Trog's Hand.
 37091 | Vaults:2 | 37091 ||| INVOKING Trog's Hand.
 37106 | Vaults:2 | Received a gift from Trog
 37122 | Vaults:2 | 37122 ||| INVOKING Trog's Hand.
 37225 | Vaults:2 | 37225 ||| UPGRADING to runed battleaxe {god gift}.
 37226 | Vaults:2 | 37226 ||| UPGRADING to +9 executioner's axe of flaming.
 37227 | Vaults:2 | 37227 ||| DROPPING +1 antimagic battleaxe.
 37371 | Vaults:2 | 37371 ||| INVOKING Trog's Hand.
 37382 | Vaults:2 | 37382 ||| INVOKING Berserk.
 37409 | Vaults:2 | 37409 ||| EATING beef jerky.
 37480 | Vaults:2 | 37480 ||| INVOKING Trog's Hand.
 37742 | Vaults:2 | 37742 ||| INVOKING Berserk.
 37814 | Vaults:2 | 37814 ||| INVOKING Trog's Hand.
 37826 | Vaults:2 | 37826 ||| INVOKING Brothers in Arms.
 37830 | Vaults:2 | 37830 ||| INVOKING Berserk.
 37849 | Vaults:2 | 37849 ||| EATING 16 bread rations.
 37869 | Vaults:2 | 37869 ||| ZAPPING wand of teleportation (6).
 38122 | Vaults:2 | Found a staircase to the Crypt.
 38127 | Vaults:2 | Reached skill level 26 in Axes
 38286 | Vaults:2 | 38286 ||| DRINKING 10 potions of curing.
 38286 | Vaults:2 | 38286 ||| (to cure confusion)
 38287 | Vaults:2 | 38287 ||| DRINKING 9 potions of curing.
 38287 | Vaults:2 | 38287 ||| (to cure confusion)
 38288 | Vaults:2 | 38288 ||| INVOKING Trog's Hand.
 38295 | Vaults:2 | Reached skill level 9 in Armour
 38382 | Vaults:2 | 38382 ||| INVOKING Brothers in Arms.
 38386 | Vaults:2 | 38386 ||| INVOKING Berserk.
 38593 | Vaults:2 | 38593 ||| EATING 15 bread rations.
 38715 | Vaults:2 | 38715 ||| INVOKING Berserk.
 38815 | Vaults:2 | Received a gift from Trog
 38817 | Vaults:2 | 38817 ||| UPGRADING to runed executioner's axe {god gift}.
 38818 | Vaults:2 | 38818 ||| UPGRADING to +9 executioner's axe of flaming.
 38819 | Vaults:2 | 38819 ||| DROPPING +1 antimagic executioner's axe.
 39379 | Vaults:2 | 39379 ||| UPGRADING to runed plate armour.
 39389 | Vaults:2 | 39389 ||| UPGRADING to runed chain mail.
 39399 | Vaults:2 | 39399 ||| UPGRADING to +2 plate armour of poison resistance.
 39409 | Vaults:2 | 39409 ||| UPGRADING to +0 plate armour of cold resistance.
 39419 | Vaults:2 | 39419 ||| DROPPING +4 chain mail.
 39420 | Vaults:2 | 39420 ||| UPGRADING to glowing plate armour.
 39430 | Vaults:2 | 39430 ||| UPGRADING to +2 plate armour of poison resistance.
 39440 | Vaults:2 | 39440 ||| UPGRADING to +0 plate armour of cold resistance.
 39450 | Vaults:2 | 39450 ||| DROPPING +0 plate armour of poison resistance.
 39588 | Vaults:2 | 39588 ||| INVOKING Trog's Hand.
 39639 | Vaults:2 | 39639 ||| INVOKING Trog's Hand.
 39678 | Vaults:2 | 39678 ||| INVOKING Trog's Hand.
 39749 | Vaults:3 | 39749 ||| STAIRDANCE
 39759 | Vaults:3 | 39759 ||| STAIRDANCE
 39763 | Vaults:2 | Reached XP level 20. HP: 115/124 MP: 19/19
 39944 | Vaults:3 | Found Smyxoanga's Assorted Antiques.
 39951 | Vaults:3 | Reached skill level 12 in Armour
 40151 | Vaults:3 | 40151 ||| EATING beef jerky.
 40262 | Vaults:3 | 40262 ||| INVOKING Trog's Hand.
 40357 | Vaults:3 | Received a gift from Trog
 40386 | Vaults:3 | Found Punnuist's Antique Weapon Shop.
 40568 | Vaults:3 | 40568 ||| EATING slice of pizza.
 40815 | Vaults:3 | 40815 ||| INVOKING Berserk.
 40825 | Vaults:3 | 40825 ||| EATING 16 bread rations.
 41186 | Vaults:3 | 41186 ||| INVOKING Brothers in Arms.
 41188 | Vaults:3 | 41188 ||| INVOKING Trog's Hand.
 41189 | Vaults:3 | 41189 ||| INVOKING Berserk.
 41341 | Vaults:3 | 41341 ||| INVOKING Trog's Hand.
 41509 | Vaults:3 | 41509 ||| UPGRADING to jade ring.
 41511 | Vaults:3 | 41511 ||| DROPPING +5 ring of strength.
 41512 | Vaults:3 | 41512 ||| UPGRADING to ring of see invisible.
 41583 | Vaults:4 | Noticed Mennas
 41584 | Vaults:4 | 41584 ||| INVOKING Brothers in Arms.
 41605 | Vaults:4 | Killed Mennas
 41639 | Vaults:4 | 41639 ||| EATING 15 bread rations.
 41841 | Vaults:4 | 41841 ||| INVOKING Trog's Hand.
 42075 | Vaults:4 | 42075 ||| INVOKING Trog's Hand.
 42208 | Vaults:4 | Received a gift from Trog
 42490 | Vaults:4 | 42490 ||| INVOKING Trog's Hand.
 42770 | Vaults:4 | 42770 ||| INVOKING Berserk.
 42778 | Vaults:4 | 42778 ||| ZAPPING wand of teleportation (5).
 42781 | Vaults:4 | 42781 ||| EATING 14 bread rations.
 43132 | Vaults:4 | Found Clenloesm's Weapon Shop.
 43134 | Vaults:4 | 43134 ||| INVOKING Trog's Hand.
 43143 | Vaults:4 | Received a gift from Trog
 43154 | Vaults:4 | 43154 ||| INVOKING Berserk.
 43155 | Vaults:4 | Reached skill level 15 in Fighting
 43332 | Vaults:4 | 43332 ||| UPGRADING to runed executioner's axe {god gift}.
 43333 | Vaults:4 | 43333 ||| UPGRADING to +9 executioner's axe of flaming.
 43334 | Vaults:4 | 43334 ||| DROPPING +5 antimagic executioner's axe.
 43449 | Vaults:4 | 43449 ||| UPGRADING to small ivory amulet.
 43450 | Vaults:4 | 43450 ||| READING 20 scrolls of identify.
 43450 | Vaults:4 | 43450 ||| IDENTIFYING fizzy ruby potion
 43451 | Vaults:4 | 43451 ||| DRINKING potion of beneficial mutation.
 43582 | Vaults:3 | 43582 ||| EATING 4 fruits.
 43685 | Vaults:1 | Reached XP level 21. HP: 106/134 MP: 20/20
 43795 | D:13     | 43795 ||| DROPPING 35 javelins.
 43796 | D:13     | 43796 ||| DROPPING 14 steel javelins.
 43797 | D:13     | 43797 ||| DROPPING 22 poisoned javelins.
 44178 | Lair:6   | 44178 ||| EATING 3 fruits.
 44275 | Lair:5   | Reached skill level 15 in Armour
 44324 | Spider:1 | Entered Level 1 of the Spider Nest
 44325 | Spider:1 | 44325 ||| Entered N.
 44655 | Spider:1 | Received a gift from Trog
 44660 | Spider:1 | 44660 ||| UPGRADING to glowing battleaxe {god gift}.
 44661 | Spider:1 | 44661 ||| UPGRADING to +9 executioner's axe of flaming.
 44662 | Spider:1 | 44662 ||| DROPPING +5 antimagic battleaxe.
 44878 | Spider:1 | 44878 ||| UPGRADING to small copper amulet.
 44904 | Spider:2 | 44904 ||| STAIRDANCE
 44909 | Spider:2 | 44909 ||| STAIRDANCE
 44971 | Spider:2 | Noticed Roxanne
 44972 | Spider:2 | 44972 ||| INVOKING Brothers in Arms.
 44976 | Spider:2 | 44976 ||| INVOKING Berserk.
 44982 | Spider:2 | Killed Roxanne
 45067 | Spider:4 | 45067 ||| Shafted from Spider:2 to Spider:4.
 45279 | Spider:2 | 45279 ||| Successfully unshafted to Spider:2.
 45733 | Spider:3 | Received a gift from Trog
 46136 | Spider:4 | 46136 ||| INVOKING Berserk.
 46774 | Spider:4 | 46774 ||| UPGRADING to bronze ring.
 46776 | Spider:4 | 46776 ||| REMOVING ring of stealth.
 46777 | Spider:4 | 46777 ||| UPGRADING to ring of protection from cold.
 46778 | Spider:4 | 46778 ||| UPGRADING to +2 plate armour of poison resistance.
 46788 | Spider:4 | 46788 ||| DROPPING ring of stealth.
 46789 | Spider:4 | 46789 ||| UPGRADING to ring of see invisible.
 46791 | Spider:4 | 46791 ||| UPGRADING to +0 plate armour of cold resistance.
 46846 | Spider:5 | Entered Level 5 of the Spider Nest
 46847 | Spider:5 | 46847 ||| STAIRDANCE
 47049 | Spider:5 | 47049 ||| DRINKING 8 potions of curing.
 47049 | Spider:5 | 47049 ||| (to cure confusion)
 47098 | Spider:5 | Received a gift from Trog
 47106 | Spider:5 | 47106 ||| UPGRADING to glowing battleaxe {god gift}.
 47107 | Spider:5 | 47107 ||| UPGRADING to +9 executioner's axe of flaming.
 47108 | Spider:5 | 47108 ||| DROPPING +5 antimagic battleaxe.
 47134 | Spider:5 | 47134 ||| DRINKING 7 potions of curing.
 47134 | Spider:5 | 47134 ||| (to cure confusion)
 47236 | Spider:5 | 47236 ||| INVOKING Berserk.
 47245 | Spider:5 | 47245 ||| ZAPPING wand of teleportation (4).
 47249 | Spider:5 | 47249 ||| ZAPPING wand of teleportation (3).
 47250 | Spider:5 | HP: 34/136 [wolf spider (7)]
 47251 | Spider:5 | 47251 ||| ZAPPING wand of heal wounds (8).
 47252 | Spider:5 | 47252 ||| ZAPPING wand of teleportation (2).
 47255 | Spider:5 | 47255 ||| EATING 2 fruits.
 47379 | Spider:5 | 47379 ||| EATING fruit.
 47393 | Spider:5 | 47393 ||| DRINKING 6 potions of curing.
 47393 | Spider:5 | 47393 ||| (to cure confusion)
 47470 | Spider:5 | 47470 ||| READING 2 scrolls of recharging.
 47470 | Spider:5 | 47470 ||| RECHARGING wand of teleportation (1).
 47597 | Spider:5 | Noticed Wiglaf
 47613 | Spider:5 | Killed Wiglaf
 47614 | Spider:5 | 47614 ||| INVOKING Berserk.
 47623 | Spider:5 | 47623 ||| ZAPPING wand of teleportation (5).
 47625 | Spider:5 | 47625 ||| EATING beef jerky.
 48093 | Spider:5 | 48093 ||| DRINKING 5 potions of curing.
 48093 | Spider:5 | 48093 ||| (to cure confusion)
 48227 | Spider:5 | Received a gift from Trog
 48368 | Spider:5 | Got a gossamer rune of Zot
 48411 | Spider:5 | 48411 ||| UPGRADING to glowing plate armour.
 48421 | Spider:5 | 48421 ||| DROPPING +2 plate armour of poison resistance.
 48903 | Depths:1 | Entered Level 1 of the Depths
 48904 | Depths:1 | 48904 ||| Entered U.
 48977 | Depths:1 | 48977 ||| INVOKING Berserk.
 48993 | Depths:1 | 48993 ||| ZAPPING wand of teleportation (4).
 48997 | Depths:1 | Reached XP level 22. HP: 59/144 MP: 10/20
 48998 | Depths:1 | 48998 ||| EATING slice of pizza.
 49193 | Depths:1 | 49193 ||| READING scroll of recharging.
 49193 | Depths:1 | 49193 ||| RECHARGING wand of teleportation (3).
 49327 | Depths:1 | Noticed Agnes
 49336 | Depths:1 | Killed Agnes
 49370 | Depths:1 | Noticed Nikola
 49383 | Depths:1 | Killed Nikola
 49620 | Depths:1 | Found a gateway to Hell.
 49737 | Depths:1 | 49737 ||| EATING slice of pizza.
 49856 | Depths:1 | Received a gift from Trog
 49871 | Depths:1 | 49871 ||| UPGRADING to runed battleaxe {god gift}.
 49872 | Depths:1 | 49872 ||| DROPPING +9 executioner's axe of flaming.
 50400 | Depths:2 | 50400 ||| INVOKING Brothers in Arms.
 50403 | Depths:2 | 50403 ||| INVOKING Berserk.
 50438 | Depths:2 | 50438 ||| EATING 6 meat rations.
 50470 | Depths:2 | 50470 ||| Stepping ~*~*~tactically~*~*~ (cloud).
 50474 | Depths:2 | 50474 ||| Stepping ~*~*~tactically~*~*~ (cloud).
 50481 | Depths:2 | 50481 ||| Stepping ~*~*~tactically~*~*~ (cloud).
 50483 | Depths:2 | 50483 ||| Stepping ~*~*~tactically~*~*~ (cloud).
 50575 | Depths:2 | 50575 ||| INVOKING Brothers in Arms.
 50577 | Depths:2 | 50577 ||| INVOKING Berserk.
 50591 | Depths:2 | 50591 ||| ZAPPING wand of teleportation (9).
 50602 | Depths:2 | 50602 ||| INVOKING Brothers in Arms.
 50618 | Depths:2 | Reached skill level 18 in Fighting
 50622 | Depths:2 | 50622 ||| INVOKING Brothers in Arms.
 50633 | Depths:2 | 50633 ||| INVOKING Berserk.
 50644 | Depths:2 | 50644 ||| INVOKING Brothers in Arms.
 50650 | Depths:2 | Reached skill level 18 in Armour
 50656 | Depths:2 | HP: 35/147 [slime creature[a boggart] (3)]
 50657 | Depths:2 | 50657 ||| ZAPPING wand of heal wounds (7).
 50661 | Depths:2 | 50661 ||| ZAPPING wand of heal wounds (6).
 50661 | Depths:2 | Mangled by a titanic slime creature

Vault maps used:
D:1:      dpeg_arrival_central, minivault_4
D:2:      minitemple
D:3:      nemelex_deck
D:4:      okawaru_metal_pillars_1_2, nicolae_dithmenos_shadow_blocks,
          solitary_fountain, minmay_misc_feat_five
D:5:      basic_altar, first_bread
D:6:      minivault_19, xom_teletrap_fun, uniq_prince_ribbit1, uniq_natasha,
          uniq_sigmund
D:7:      lemuel_doored_altar, minmay_temple_entry_overgrown, serial_pond,
          minmay_pond_fungi_b, minmay_pond_plants_u, uniq_menkaure
D:8:      grunt_temple_overflow_growth_and_decay, serial_shops,
          kennysheep_mini_moat, grunt_pizzeria, minmay_misc_feat_room,
          minmay_strange_pillars
D:9:      good_gods_mini_temple, old_standard_altar, erik_orc_3
D:10:     minmay_ornate_pinched, uniq_erica, uniq_harold
D:11:     david_lair_shrubbed, roderic_lattice_a, uniq_josephine, uniq_psyche
D:13:     david_vaults_5
D:14:     minmay_misc_feat_nine_boxes
D:15:     gammafunk_depths_entry_grave, hex_tiny
Lair:1:   nicolae_quartered_pool_super
Lair:2:   lab_entry_generic
Lair:3:   minmay_shoals_entry_hut, spider_nest_entry_rubble,
          infiniplex_staircase_pool_2
Lair:4:   lemuel_fruit_fields
Lair:5:   mu_elephants_graveyard, st_stairs_12, beast_lair_carwin_4,
          serial_bayou_shore_b, lemuel_fruit_tree
Lair:6:   grunt_megastairs_3
Lair:7:   slime_altar_1, lemuel_oklob_altar, infiniplex_staircase_pool
Lair:8:   hangedman_lair_tendril_chambers, bobbens_ice_dragon_lair
Shoals:1: serial_shops, bzr_entry_lakeside, st_sunken_huts
Shoals:3: serial_shops, shop, abandoned_shop
Shoals:4: uniq_jorgrun
Shoals:5: shoals_end_simple, shoal_ilsuiw, uniq_kirke
Spider:1: einodemon_crawler_minivault
Spider:2: uniq_roxanne
Spider:3: lemuel_spider_zombies
Spider:4: nicolae_spider_cling_halls
Spider:5: grunt_spider_rune_parallel, uniq_wiglaf
Orc:1:    basic_altar
Orc:2:    portal_ice_cave_entry_imps
Orc:3:    serial_shops, shop, nicolae_orc_pool_cavern, guppyfry_library_mini
Vaults:1: v_misc_19, grunt_vaults_hallway_long, v_misc_23,
          ontoclasm_vaults_shout, ontoclasm_vaults_pinch, ontoclasm_vaults_chip,
          vaults_room_stairs_pillars, v_alt_pattern_1, v_alt_pattern_2,
          vaults_dpeg_ring, v_misc_16, uniq_donald
Vaults:2: minmay_crypt_entry_simple_statues, v_rooms_1,
          hangedman_vaults_slither, st_diamondy, vaults_mumra_chevron_long,
          nicolae_vaults_little_squares_5, ontoclasm_vaults_idyll,
          vaults_room_door_ring, v_misc_32, grunt_vaults_funnel,
          nicolae_vaults_mini_display_case, uniq_norris
Vaults:3: nicolae_vaults_big_ls, grunt_vaults_hallway_short,
          hangedman_vaults_stretched_pinwheel, nicolae_vaults_little_squares_2,
          ontoclasm_vaults_decontamination,
          vaults_room_grunt_arrival_checkpoint, hangedman_vaults_restitches,
          vaults_dpeg_encased_lava, serial_shops, shop,
          nicolae_shop_behind_doors
Vaults:4: vaults_dpeg_spiral, grunt_vaults_bifocal, hangedman_vaults_impose,
          v_misc_28, vaults_standard_mumra_x, v_misc_27,
          ontoclasm_vaults_gateway, hangedman_vaults_snaps, v_alt_pattern_3,
          v_pattern_3, nicolae_vaults_little_squares_1, ontoclasm_vaults_fault,
          vaults_dpeg_hooks, dpeg_vaults_monster_box, vaults_room_door_ring,
          uniq_mennas
Depths:1: hell_entry, minmay_misc_feat_more_columns, spider_trap,
          minmay_fire_ice_demons, uniq_agnes, uniq_nikola
Depths:2: lemuel_river_lethe, hell_entry

Action                   |  1- 3 |  4- 6 |  7- 9 | 10-12 | 13-15 | 16-18 | 19-21 | 22-24 || total
-------------------------+-------+-------+-------+-------+-------+-------+-------+-------++-------
Melee: Hand axe          |   144 |   209 |       |       |       |       |       |       ||   353
       War axe           |       |    47 |   405 |    36 |       |       |       |       ||   488
       Battleaxe         |       |       |       |   161 |       |       |       |   208 ||   369
       Executioner's axe |       |       |       |   281 |   978 |  1074 |  1396 |    91 ||  3820
Throw: Javelin           |       |       |    34 |       |    36 |   126 |    87 |       ||   283
       Tomahawk          |       |       |       |    65 |    81 |       |       |       ||   146
Invok: Berserk           |     2 |     3 |    12 |    15 |    17 |    15 |    16 |     3 ||    83
       Brothers in Arms  |       |       |     1 |     5 |    14 |     9 |     6 |     5 ||    40
       Trog's Hand       |       |       |       |     1 |       |    11 |    18 |       ||    30
 Abil: Fly               |       |       |       |       |     1 |       |       |       ||     1
Evoke: Wand              |       |       |       |     2 |       |     1 |     8 |     3 ||    14
  Use: Scroll            |     4 |     4 |     9 |    13 |    11 |     9 |     6 |     1 ||    57
       Potion            |       |     1 |     6 |     3 |       |       |     7 |       ||    17
 Stab: Distracted        |       |       |     1 |       |     1 |     1 |       |     2 ||     5
       Held in net/web   |       |       |       |       |     2 |       |       |       ||     2
  Eat: Bread ration      |     1 |       |     2 |       |       |       |     5 |       ||     8
       Chunk             |       |     5 |    10 |    13 |    46 |    17 |    23 |     3 ||   117
       Pizza             |       |     1 |     1 |     8 |       |     1 |     1 |     2 ||    14
       Fruit             |       |       |     4 |       |    15 |     2 |     4 |       ||    25
       Beef jerky        |       |       |     1 |     1 |     2 |     2 |     3 |       ||     9
       Meat ration       |       |       |     1 |     1 |       |     6 |     1 |     1 ||    10
